 Dungeon Crawl Stone Soup version 0.21.1-1-g345015f (webtiles) character file.

8 inc the Ducker (level 2, -4/12 HPs)
             Began as a Felid Transmuter on Mar 5, 2018.
             Slain by a hobgoblin
             ... wielding a +0 club
              (7 damage)
             ... on level 1 of the Dungeon.
             The game lasted 00:00:31 (557 turns).

inc the Ducker (Felid Transmuter)                    Turns: 557, Time: 00:00:33

Health: -4/12      AC:  1    Str:  6    XL:     2   Next: 0%
Magic:  5/6        EV: 19    Int: 14    God:
Gold:   27         SH:  0    Dex: 16    Spells: 4/5 levels left
                                        Lives:  0   Deaths: 0

rFire    . . .     SeeInvis +     - Unarmed
rCold    . . .     Gourm    .   (shield unavailable)
rNeg     . . .     Faith    .   (armour unavailable)
rPois    .         Spirit   .   (helmet unavailable)
rElec    .         Reflect  .   (cloak unavailable)
rCorr    .         Harm     .   (gloves unavailable)
MR       .....                  (boots unavailable)
Stlth    ++........             (no amulet)
HPRegen  0.04/turn              (no ring)
MPRegen  0.10/turn              (no ring)

@: appendage (expiring), quick
A: very small, no armour, no weapons or thrown items, stealth, claws 1, fangs 3,
horns 2, see invisible, carnivore, speed 1, shaggy fur 1, slow metabolism 1,
sharp paws
a: End Transformation


You were on level 1 of the Dungeon.
You were not hungry.
You had grown temporary horns.
You visited 1 branch of the dungeon, and saw 1 of its levels.

You collected 27 gold pieces.

Inventory:

Missiles
 a - 29 arrows
Scrolls
 d - a scroll of teleportation {unknown}
 e - a scroll of enchant weapon {unknown}
 f - a scroll of identify {unknown}
Potions
 g - a potion of agility {unknown}
Books
 b - a book of Changes

   Spells                             Type                      Level
   a - Beastly Appendage              Transmutation                1
   b - Sticks to Snakes               Transmutation                2
   c - Spider Form                    Transmutation/Poison         3
   d - Ice Form                       Ice/Transmutation            4
   e - Blade Hands                    Transmutation                5
Comestibles
 c - 3 rations


   Skills:
 - Level 1.0 Fighting
 + Level 3.7 Dodging
 - Level 3.0 Unarmed Combat
 - Level 2.0 Spellcasting
 - Level 2.1 Transmutations


You had 4 spell levels left.
You knew the following spells:

 Your Spells              Type           Power        Failure   Level  Hunger
a - Beastly Appendage     Tmut           #.....       10%         1    ##.....


Dungeon Overview and Level Annotations

Branches:
Dungeon (1/15)

Altars:


Innate Abilities, Weirdness & Mutations

You cannot wear armour.
You are incapable of wielding weapons or throwing items.
Your paws allow you to move quietly. (Stealth)
You have sharp claws.
You have razor-sharp teeth.
You have supernaturally acute eyesight. (SInv)
You are carnivorous and can eat meat at any time.
You cover ground quickly.
You are covered in fur. (AC +1)
You have a slow metabolism.
Your sharp claws are effective at attacking unaware monsters.
You have a pair of horns on your head.


Message History

You are too injured to fight recklessly!
You are too injured to fight recklessly!
You are too injured to fight recklessly!
You are too injured to fight recklessly!
You are too injured to fight recklessly!
You are too injured to fight recklessly!
Casting: Beastly Appendage
Confirm with . or Enter, or press ? or * to list all spells.
You grow a pair of large bovine horns.
The hobgoblin hits you with a club.
* * * LOW HITPOINT WARNING * * *
The frilled lizard unfolds its giant frill.
You barely miss the hobgoblin.
The hobgoblin is moderately wounded.
Your transformation is almost over.
The hobgoblin hits you but does no damage.
You closely miss the hobgoblin. You headbutt the hobgoblin.
The hobgoblin is heavily wounded.
The hobgoblin hits you with a club!
Ouch! That really hurt!
You die...

#.. # #.# #. #.# # .##.# .#
.#.# .# # ..##.#.#
########## #......###
.........##########.#.......
.#######........@gl#.†....#
.# ############.###.....
(#### #... ... ....#####...
##### # ###.......#
#.#####... #.# #.# ###.####


You could see a hobgoblin and a frilled lizard.

Vanquished Creatures
  A goblin (D:1)
  3 hobgoblins (D:1)
  3 bats (D:1)
  A rat (D:1)
8 creatures vanquished.

Notes
Turn   | Place    | Note
-------+----------+-------------------------------------------
     0 | D:1      | inc the Felid Transmuter began the quest for the Orb.
     0 | D:1      | Reached XP level 1. HP: 9/9 MP: 4/4
   540 | D:1      | Reached XP level 2. HP: 12/12 MP: 6/6
   557 | D:1      | Slain by a hobgoblin

Skill      XL: |  1 |
---------------+----+-----
Dodging        | 3 |  3.7
Fighting       | |  1.0
Unarmed Combat | |  3.0
Spellcasting   | |  2.0
Transmutations | |  2.1

Action                   || total
-------------------------++-------
Melee: Unarmed           ||    33
       Bite              ||     2
       Headbutt          ||     1
 Cast: Beastly Appendage ||     2
  Eat: Chunk             ||     1
Armor: Skin              ||     6
Dodge: Dodged            ||    38
